AoeStats
← El Destungador

Black Forest

509743365Analyzed
2v2 RM · 4d ago on Sep 27, 2026· 59m 37s· 4 players
Game mode
Random Map
Map size
Medium (4 player)
Population
200
Speed
Normal
Resources
Standard
Victory
Conquest
Starting age
Dark Age
Ending age
Imperial Age
RankedLock teamsTeams togetherTeam positionsShared explorationLock speedFull tech treeHidden civsTurbo modeCheats
Victory
Defeat
🇨🇱 Inca · Chile
976
+12
🇨🇱 Teutons · Chile
882
+16
🇨🇴 Portuguese · Colombia
891
-14
🇨🇴 Magyars · Colombia
885
-14
CLAP <3
0:35 Loom
13:55 Feudal Age
14:26 Horse Collar
14:34 Double-Bit Axe
21:02 Castle Age
19:24 Gold Mining
19:27 Stone Mining
21:13 Wheelbarrow
21:26 Wheelbarrow
21:57 Bow Saw
21:48 Heavy Plow
22:57 Squires
22:43 Gambesons
22:44 Arson
25:54 Stone Shaft Mining
25:41 Hand Cart
27:06 Scale Mail Armor
27:07 Padded Archer Armor
27:47 Bloodlines
30:10 Fortified Wall
30:11 Masonry
36:20 Imperial Age
34:50 Caravan
35:15 Pikeman
36:28 Cavalier
37:55 Crop Rotation
38:19 Conscription
42:05 Chain Mail Armor
42:01 Forging
42:06 Leather Archer Armor
41:41 Fletching
43:01 Elite Teutonic Knight
43:39 Capped Ram
46:31 Chemistry
45:52 Ballistics
53:20 Guilds
54:43 Two-Man Saw
El Destungador
1:50 Loom
12:08 Feudal Age
12:31 Horse Collar
12:37 Double-Bit Axe
19:32 Castle Age
18:01 Gold Mining
18:03 Stone Mining
19:13 Scale Mail Armor
19:24 Forging
20:29 Wheelbarrow
21:12 Heavy Plow
21:23 Bow Saw
23:40 Hand Cart
28:55 Imperial Age
28:15 Gold Shaft Mining
28:25 Stone Shaft Mining
28:53 Chain Mail Armor
29:13 Elite Kamayuk
30:40 Conscription
31:19 Crop Rotation
31:29 Fabric Shields
32:49 Plate Mail Armor
32:26 Caravan
34:02 Iron Casting
34:50 Squires
36:05 Blast Furnace
34:57 Arson
37:07 Fortified Wall
38:02 Chemistry
52:46 Siege Engineers
TuckgerX
1:35 Loom
12:49 Feudal Age
13:23 Double-Bit Axe
14:22 Horse Collar
17:34 Castle Age
16:24 Stone Mining
17:30 Gold Mining
19:52 Bow Saw
19:49 Heavy Plow
26:57 Gold Shaft Mining
27:36 Wheelbarrow
29:46 Hand Cart
30:42 Fletching
32:48 Pikeman
36:42 Imperial Age
36:27 Bodkin Arrow
36:33 Padded Archer Armor
36:56 Ballistics
38:37 Two-Man Saw
38:08 Crop Rotation
38:56 Chemistry
38:18 Conscription
37:33 Halberdier
37:43 Heavy Scorpion
38:33 Treadmill Crane
38:50 Murder Holes
38:59 Bracer
39:07 Scale Barding Armor
45:46 Corvinian Army
49:10 Onager
50:53 Light Cavalry
51:43 Bloodlines
51:34 Husbandry
55:13 Capped Ram
58:37 Cavalier
58:44 Hussar
Powder1011608
0:34 Loom
13:19 Feudal Age
14:27 Horse Collar
14:35 Double-Bit Axe
21:34 Castle Age
19:52 Stone Mining
19:59 Fletching
20:13 Padded Archer Armor
21:56 Forging
22:01 Gold Mining
22:23 Thumb Ring
23:05 Crossbowman
25:31 Heavy Plow
27:18 Bodkin Arrow
28:45 Ballistics
29:34 Wheelbarrow
28:31 Elite Skirmisher
35:30 Imperial Age
33:50 Murder Holes
34:07 Scale Barding Armor
34:38 Iron Casting
36:05 Fortified Wall
36:44 Elite Organ Gun
37:46 Siege Engineers
38:10 Bracer
38:51 Bow Saw
39:54 Chemistry
39:14 Arquebus
39:57 Leather Archer Armor
42:08 Bloodlines
43:09 Hand Cart
47:31 Arbalester
Connection lost

Rejoining the realm…

Still unreachable

The connection could not be restored.

Session expired

The server has moved on; the page needs a fresh start.